 Dungeon Crawl Stone Soup version 0.24.0-1-gfbc8707122 (webtiles) character file.

Game seed: 15432240641587123200, levelgen mode: deterministic

6673 tv1990 the Quickloader (level 11, -11/89 HPs)
             Began as a Formicid Hunter on Oct 26, 2019.
             Was an Elder of Okawaru.
             Mangled by an orc warlord
             ... wielding a +2 dire flail of protection
              (13 damage)
             ... on level 8 of the Dungeon.
             The game lasted 00:34:40 (9711 turns).

tv1990 the Quickloader (Formicid Hunter)            Turns: 9711, Time: 00:34:41

Health: -11/89     AC: 15    Str: 24    XL:     11   Next: 23%
Magic:  10/15      EV: 11    Int: 12    God:    Okawaru [****..]
Gold:   471        SH:  5    Dex: 11    Spells: 10/10 levels left

rFire    . . .     SeeInvis +   a - +1 hand crossbow
rCold    . . .     Gourm    .   p - +0 buckler
rNeg     . . .     Faith    .   h - +0 chain mail
rPois    .         Spirit   .   (helmet unavailable)
rElec    .         Reflect  .   H - scarf {cloud immunity}
rCorr    .         Harm     +   (no gloves)
MR       +....                  q - +0 pair of boots
Stlth    ..........             w - amulet of harm
HPRegen  0.24/turn              (no ring)
MPRegen  0.14/turn              (no ring)

@: mighty, heroism, finesse
A: permanent stasis, dig shafts and tunnels, four strong arms, antennae 3, claws
1, talons 1, shaggy fur 1
a: Dig, Shaft Self, Heroism, Renounce Religion


You were on level 8 of the Dungeon.
You worshipped Okawaru.
Okawaru was greatly pleased with you.
You were hungry.

You visited 1 branch of the dungeon, and saw 8 of its levels.
You also visited: Ossuary and Bailey.

You collected 471 gold pieces.

Inventory:

Hand Weapons
 a - a +1 hand crossbow (weapon)
 b - a +0 short sword
 l - a +2 dagger of venom
 D - the +7 hunting sling of Battle {flame, rElec rC+ Stlth+}
   (You found it on level 5 of the Dungeon)

   It causes projectiles fired from it to burn those they strike, causing extra
   injury to most foes and up to half again as much damage against particularly
   susceptible opponents.
   It protects you from cold.
   It insulates you from electricity.
   It makes you more stealthy.
Missiles
 K - 17 bolts (quivered)
Armour
 c - a +0 leather armour
 g - a +0 ring mail
 h - a +0 chain mail (worn)
 p - a +0 buckler (worn)
 q - a +0 pair of boots (worn)
 t - a scarf of cloud immunity
 H - a scarf of cloud immunity (worn)
Jewellery
 k - an uncursed amulet of rage
 n - a -2 ring of protection
 o - an uncursed ring of fire
 w - an amulet of harm (around neck)
Wands
 F - a wand of iceblast (3)
Scrolls
 x - 7 scrolls of remove curse
 y - 2 scrolls of fog
 z - a scroll of summoning {unknown}
 B - 3 scrolls of enchant armour {unknown}
 C - a scroll of blinking {unknown}
 E - a scroll of acquirement {unknown}
 G - a scroll of fear {unknown}
 I - a scroll of immolation {unknown}
Potions
 e - 4 potions of curing
 i - 2 potions of mutation
 m - 4 potions of brilliance
 r - 3 potions of berserk rage {unknown}
 s - 2 potions of flight {unknown}
 u - a potion of heal wounds
 v - 3 potions of resistance {unknown}
 A - 2 potions of magic
 J - a potion of experience {unknown}
Comestibles
 f - 18 rations


   Skills:
 + Level 9.5(14.5) Fighting
 - Level 10.6(15.6) Crossbows
 + Level 9.1(14.1) Armour
 - Level 1.7(6.7) Dodging
 - Level 1.2(6.2) Stealth
 - Level 2.5(7.5) Shields
 - Level 6.0 Invocations


You had 10 spell levels left.
You didn't know any spells.
Your spell library was empty.

Dungeon Overview and Level Annotations

Branches:
Dungeon (8/15)             Temple (0/1) D:4         Ossuary (visited)
 Bailey (visited)
   Lair: D:8-11

Altars:
Ashenzari
Fedhas
Gozag
Hepliaklqana
Kikubaaqudgha
Nemelex Xobeh
Okawaru
Ru
Uskayaw
Yredelemnul

Shops:
D:4 (*


Innate Abilities, Weirdness & Mutations

You cannot be hasted, slowed, berserked, paralysed or teleported.
You can dig through walls and to a lower floor.
Your four strong arms can wield two-handed weapons with a shield.
You have a pair of large antennae on your head. (SInv)
You have sharp fingernails.
You have sharp toenails.
You are covered in fur. (AC +1)


Message History

You shoot a bolt.
The bolt hits the orc warlord but does no damage.
The orc warlord is moderately wounded.
You are feeling hungry.
The orc warlord closely misses you.
There is a gate leading back out of this place here.
The orc warlord hits you with a +2 dire flail of protection.
* * * LOW HITPOINT WARNING * * *
The orc warrior barely misses you.
Welcome back to the Dungeon!
There is an empty arch of ancient stone here.
Are you sure you want to shaft yourself?
You feel somewhat more hungry.
The orc warrior hits you with a cursed -2 hand axe!!
* * * LOW HITPOINT WARNING * * *
You block the orc warlord's attack.
You begin to dig a shaft.
You continue digging a shaft.
You block the orc warrior's attack.
The orc warlord hits you with a +2 dire flail of protection!
You die...

######
#######....#
#.........?#
#.≈≈≈≈≈≈≈..#
#.≈#####≈..#
#.(#...#≈..#
#.≈(o∩.#≈..#
#.≈#@o.#≈..#
#.≈#####≈..####
#.≈≈≈≈≈≈≈.....##
#(...............
##..####......###
##.# ###.####
#.##### ...
#.....#####.#
###....## .#


You could see an orc warlord and an orc warrior.

Vanquished Creatures
  Gastronok (D:8)
  Joseph (D:8)
  A hippogriff (D:6)
  Sigmund (D:2)
  A yak (D:8)
  2 steam dragons (D:6)
  Menkaure (D:7)
  A porcupine (D:8)
  12 orc warriors
  3 ogres
  A hornet zombie (D:6)
  2 centaurs
  2 phantoms
  An elf zombie (Ossuary)
  A big kobold (D:7)
  2 bullfrogs
  A gnoll sergeant (D:7)
  3 scorpions
  5 wights (D:7)
  2 crimson imps
  A bullfrog zombie (D:7)
  A centaur zombie (D:5)
  A hound (D:6)
  A centaur skeleton (D:6)
  3 orc wizards
  3 orc priests
  A human zombie (Ossuary)
  A bullfrog skeleton (D:6)
  4 iguanas
  7 worker ants
  3 mummies (Ossuary)
  A worker ant zombie (D:5)
  A howler monkey skeleton (D:4)
  21 gnolls
  10 adders
  A shadow imp (D:7)
  2 adder zombies
  2 oozes
  An adder skeleton (D:5)
  3 worms
  A dart slug (D:3)
  3 leopard geckos
  39 orcs
  6 giant cockroaches
  2 gnoll zombies (D:3)
  23 hobgoblins
  11 jackals
  11 kobolds
  5 quokkas
  A ball python (D:5)
  8 bats
  5 frilled lizards
  26 goblins
  3 goblin zombies
  2 hobgoblin zombies (Ossuary)
  A kobold zombie (Ossuary)
  2 orc zombies (Ossuary)
  3 quokka skeletons
  3 quokka zombies
  6 rats
  6 rat zombies (Ossuary)
279 creatures vanquished.

Vanquished Creatures (others)
  A fungus (D:8)
1 creature vanquished.

Grand Total: 280 creatures vanquished

Notes
Turn   | Place    | Note
-------+----------+-------------------------------------------
     0 | D:1      | tv1990 the Formicid Hunter began the quest for the Orb.
     0 | D:1      | Reached XP level 1. HP: 16/16 MP: 1/1
    92 | D:1      | Reached XP level 2. HP: 5/23 MP: 2/2
   565 | D:1      | Reached skill level 1 in Armour
   565 | D:1      | Reached XP level 3. HP: 24/28 MP: 3/3
  1261 | D:2      | Reached XP level 4. HP: 31/34 MP: 4/4
  1309 | D:2      | Found a hazy altar of Hepliaklqana.
  1399 | D:2      | Noticed Sigmund
  1409 | D:2      | Killed Sigmund
  1409 | D:2      | Reached skill level 5 in Crossbows
  1409 | D:2      | Reached XP level 5. HP: 27/42 MP: 5/5
  1409 | D:2      | Reached XP level 6. HP: 31/48 MP: 6/6
  1968 | D:3      | Found an iron altar of Okawaru.
  1969 | D:3      | Found a sacrificial altar of Ru.
  1975 | D:3      | Became a worshipper of Warmaster Okawaru
  2570 | D:3      | Reached skill level 1 in Shields
  2570 | D:3      | Reached skill level 1 in Invocations
  2928 | D:3      | Found a basalt altar of Yredelemnul.
  3386 | D:4      | Reached XP level 7. HP: 53/54 MP: 8/8
  3390 | D:4      | Found Tavont's Antique Weapon Shop.
  3432 | D:4      | Reached skill level 6 in Crossbows
  3447 | D:4      | Found a staircase to the Ecumenical Temple.
  3693 | D:4      | Found a sparkling altar of Nemelex Xobeh.
  4142 | D:4      | Found an opulent altar of Gozag.
  4144 | D:4      | Found Gozag's Platinum Reserve.
  4226 | D:4      | Reached * piety under Okawaru
  4308 | D:5      | Entered Level 5 of the Dungeon
  4689 | D:5      | Reached XP level 8. HP: 60/61 MP: 10/10
  4758 | D:5      | Found a shattered altar of Ashenzari.
  4763 | D:5      | Got an encrusted hunting sling
  4764 | D:5      | Identified the +7 hunting sling of Battle {flame, rElec rC+
                  | Stlth+} (You found it on level 5 of the Dungeon)
  4818 | D:5      | Found a hide-covered altar of Uskayaw.
  5245 | D:6      | Reached skill level 7 in Crossbows
  5422 | D:6      | Reached skill level 5 in Fighting
  5422 | D:6      | Reached skill level 5 in Invocations
  5967 | D:6      | Reached ** piety under Okawaru
  6099 | D:6      | Reached XP level 9. HP: 54/68 MP: 10/13
  6272 | D:6      | You fall into a shaft and drop 1 floor!
  6519 | D:7      | Reached skill level 8 in Crossbows
  6519 | D:7      | Reached skill level 5 in Armour
  6737 | D:7      | Found a sand-covered staircase.
  6744 | Ossuary  | Entered an ossuary
  7021 | D:7      | Noticed Menkaure
  7055 | D:7      | Gained mutation: You have sharp toenails. [potion of
                  | mutation]
  7055 | D:7      | Gained mutation: You have sharp fingernails. [potion of
                  | mutation]
  7055 | D:7      | Gained mutation: You are covered in fur. (AC +1) [potion of
                  | mutation]
  7057 | D:7      | Killed Menkaure
  7057 | D:7      | Reached *** piety under Okawaru
  7294 | D:7      | Reached skill level 9 in Crossbows
  7406 | D:7      | Found a blossoming altar of Fedhas.
  7734 | D:6      | Reached XP level 10. HP: 70/77 MP: 14/14
  8168 | D:8      | Found an ancient bone altar of Kikubaaqudgha.
  8168 | D:8      | Noticed Gastronok
  8184 | D:8      | Killed Gastronok
  8184 | D:8      | Reached **** piety under Okawaru
  8184 | D:8      | Received a gift from Okawaru
  8184 | D:8      | Reached skill level 10 in Crossbows
  8344 | D:8      | Noticed Joseph
  8374 | D:8      | Killed Joseph
  8374 | D:8      | Reached ***** piety under Okawaru
  8374 | D:8      | Received a gift from Okawaru
  8374 | D:8      | Reached XP level 11. HP: 57/87 MP: 15/15
  8526 | D:8      | Found a flagged portal.
  8534 | Bailey   | Entered a bailey
  9600 | Bailey   | Noticed an orc warlord
  9710 | D:8      | HP: 2/89 [orc warrior/cursed -2 hand axe (21)]
  9711 | D:8      | Mangled by an orc warlord

Skill      XL: |  1  2  3  4  5  6  7  8  9 10 11 |
---------------+----------------------------------+-----
Armour         | 1 2 3 4 6 8 9 |  9.1
Fighting       | 3 4 5 6 8 9 |  9.5
Crossbows      | 5 6 7 9 10 | 10.6
Shields        | 1 2 |  2.5
Invocations    | 1 3 5 6 |  6.0
Dodging        | |  1.7
Stealth        | |  1.2

Action                   |  1- 3 |  4- 6 |  7- 9 | 10-12 || total
-------------------------+-------+-------+-------+-------++-------
Melee: Short sword       |   117 |    10 |       |       ||   127
       Dagger            |     5 |   138 |   239 |   115 ||   497
 Fire: Hand crossbow     |     3 |    31 |   292 |   218 ||   544
Invok: Heroism           |       |       |     6 |     5 ||    11
       Finesse           |       |       |       |     1 ||     1
 Abil: Dig               |       |     4 |     4 |     1 ||     9
       Shaft Self        |       |       |     1 |     1 ||     2
  Use: Scroll            |       |     3 |     5 |     3 ||    11
       Potion            |       |       |     5 |     3 ||     8
 Stab: Sleeping          |     1 |       |       |       ||     1
       Invisible         |       |       |       |     1 ||     1
  Eat: Chunk             |     1 |     7 |    15 |     6 ||    29
Armor: Leather armour    |    11 |       |       |       ||    11
       Ring mail         |    43 |     4 |       |       ||    47
       Chain mail        |       |    51 |   167 |    80 ||   298
Dodge: Dodged            |    82 |    62 |   118 |    72 ||   334
Block: Buckler           |       |    21 |    50 |    39 ||   110

Levels and vault maps discovered:
D:1:      dpeg_arrival_rooms_a, layout_basic
D:2:      layout_loops_ring, old_standard_altar, minmay_small_reverse_x,
          uniq_sigmund
D:3:      wander_river, layout_loops_corners, lemuel_zombie_altar_yredelemnul,
          gammafunk_temple_overflow_pools, first_ration, minmay_checkerbox
D:4:      layout_basic, old_standard_altar, temple_pool_b, serial_shops,
          nicolae_shop_stone, nicolae_gozag_zags_fifth_avenue
D:5:      layout_rooms, old_standard_altar, eat_drink_and_be_merry_uskayaw,
          serial_co_window_serial, co_window_cross_1, co_window_corner_a,
          co_window_of_opportunity_a, co_window_paths_a,
          co_window_of_opportunity_a, co_window_corner_ca, co_window_broadway_b,
          co_window_unsneaky_path_e, co_window_of_opportunity_c,
          glass_columns_c, glass_columns_a, glass_columns_b, glass_columns_a,
          glass_columns_a, st_stairs_7
D:6:      kennysheep_steamy, layout_basic, kennysheep_doodads,
          kennysheep_crisscross, minmay_fountain_box
D:7:      layout_loops_cross, kennysheep_mini, enter_ossuary_4, uniq_menkaure
D:8:      layout_rooms, lemuel_doored_altar, zin_angel,
          grunt_lair_entry_orc_guard_hut, enter_bailey_3, uniq_joseph,
          uniq_gastronok
